[Event "Live Chess"]
[Site "Chess.com"]
[Date "2024.06.01"]
[Round "-"]
[White "ossie57"]
[Black "Richardallis"]
[Result "0-1"]
[WhiteElo "1648"]
[BlackElo "2011"]
[TimeControl "300"]
[EndTime "12:37:19 PDT"]
[Termination "Richardallis won by resignation"]

1. c4 c6 2. Nc3 d5 3. d4 Bg4 4. f3 Bh5 5. e3 e6 6. Nh3 Bd6 7. cxd5 exd5 8. Bd3 Qh4+ 9. g3 Qxh3 10. g4 Bg3+ 11.
hxg3 Qxh1+ 12. Kd2 Qxd1+ 13. Kxd1 Bg6 14. Be2 0-1

[Event "Live Chess"]
[Site "Chess.com"]
[Date "2024.06.01"]
[Round "-"]
[White "KeithArkell"]
[Black "FlyingChessKestrel13"]
[Result "1-0"]
[WhiteElo "2464"]
[BlackElo "2076"]
[TimeControl "300"]
[EndTime "12:37:20 PDT"]
[Termination "KeithArkell won by resignation"]

1. d4 d5 2. Nf3 Nf6 3. c4 dxc4 4. e3 e6 5. Bxc4 c5 6. O-O Nc6 7. dxc5 Qxd1 8. Rxd1 Bxc5 9. a3 a6 10.
b4 Be7 11. Bb2 O-O 12. Nbd2 b5 13. Bd3 Bb7 14. Nb3 Rad8 15. Rac1 Nd5 16. Nc5 Bxc5 17. Rxc5 Nb6 18. Kf1 Na4 19. Rc2 Nxb2 20. Rxb2 g6 21. Rc2 Rd7 22. Ke2 Rfd8 23. Rc3 Ne7 24. Bc2 Rxd1 25.
Bxd1 Rd7 26. Bb3 Nd5 27. Bxd5 Bxd5 28. Ne5 Rb7 29. f3 Kg7 30. e4 f6 31. exd5 fxe5 32.
d6 Rb6 33. d7 Rb8 34. Rc8 1-0

[Event "Live Chess"]
[Site "Chess.com"]
[Date "2024.06.01"]
[Round "-"]
[White "Sweet-O"]
[Black "NottheBishopSacrifice"]
[Result "0-1"]
[WhiteElo "1556"]
[BlackElo "2253"]
[TimeControl "300"]
[EndTime "12:37:44 PDT"]
[Termination "NottheBishopSacrifice won by resignation"]

1. d4 d5 2. Nc3 Nf6 3. Bf4 c5 4. e3 cxd4 5. Qxd4 Nc6 6. Qa4 e6 7. Nb5 Bb4+ 8. c3 Ba5 9. Nd6+ Ke7 10. Ne2 Bc7 11. Nxc8+ Rxc8 12. Qa3+ Bd6 13. Bxd6+ Qxd6 14. Qxd6+ Kxd6 15. Nf4 Rhd8 16. Bb5 Ke7 17. O-O a6 18. Ba4 Ne5 19. Bc2 Nc4 20. Rab1 Nd2 0-1

[Event "Live Chess"]
[Site "Chess.com"]
[Date "2024.06.01"]
[Round "-"]
[White "nitrofish07"]
[Black "RichardABates"]
[Result "0-1"]
[WhiteElo "2107"]
[BlackElo "2209"]
[TimeControl "300"]
[EndTime "12:37:45 PDT"]
[Termination "RichardABates won by resignation"]

1. d4 Nf6 2. c4 e6 3. g3 Bb4+ 4. Nd2 O-O 5. Bg2 d6 6. Nf3 Nbd7 7. O-O e5 8. e4 exd4 9. Nxd4 Nc5 10. f3 Nd3 11.
Nc2 Bc5+ 12. Kh1 Nf2+ 13. Rxf2 Bxf2 14. Qe2 Bb6 15. a4 a5 16. Nf1 Be6 17. b3 Nd7 18. f4 Nc5 19. f5 Bd7 20. Nd4 Re8 21. f6 Qxf6 22. Bb2 Nxe4 23. Nb5 Nf2+ 24. Kg1 Rxe2 25. Bxf6 gxf6 0-1

[Event "Live Chess"]
[Site "Chess.com"]
[Date "2024.06.01"]
[Round "-"]
[White "Colm_Buckley"]
[Black "IanCalvert2"]
[Result "1-0"]
[WhiteElo "1860"]
[BlackElo "1540"]
[TimeControl "300"]
[EndTime "12:37:52 PDT"]
[Termination "Colm_Buckley won by resignation"]

1. d4 d5 2. c4 c6 3. e3 Nf6 4.
Nc3 g6 5. Nf3 Bg7 6. Bd3 O-O 7.
O-O Bg4 8. h3 Bxf3 9. Qxf3 dxc4 10. Bxc4 Nbd7 11. b3 e5 12. Bb2 exd4 13. exd4 Nb6 14.
Rad1 Nbd5 15. Rfe1 Qd7 16. Ne4 Nxe4 17. Rxe4 Rae8 18.
Rde1 Rxe4 19. Qxe4 Rd8 20. Rd1 Re8 21. Qf3 Nb6 22.
Bc3 Nxc4 23. bxc4 b5 24. cxb5 cxb5 25. d5 Bxc3 26. Qxc3 a6 27. d6 Rc8 28. Qf6 a5 29.
Re1 Re8 30. Re7 Rxe7 31. Qxe7 Qc6 32. d7 Qc1+ 33. Kh2 Qc7+ 34. g3 1-0

[Event "Live Chess"]
[Site "Chess.com"]
[Date "2024.06.01"]
[Round "-"]
[White "JohanKjeldahl"]
[Black "Demyan7777"]
[Result "1-0"]
[WhiteElo "1832"]
[BlackElo "1848"]
[TimeControl "300"]
[EndTime "12:37:52 PDT"]
[Termination "JohanKjeldahl won by checkmate"]

1. c4 Nf6 2. Nc3 e6 3. e4 c5 4. e5 Ng8 5. Nf3 Nc6 6. d4 cxd4 7. Nxd4 Nxe5 8. Bf4 Nc6 9. Ndb5 d6 10. Bxd6 Bxd6 11. Nxd6+ Kf8 12. Nce4 Nge7 13. Qf3 Nf5 14. g4 Nxd6 15.
O-O-O Ne5 16. Qa3 Nxc4 17. Bxc4 Qc7 18. Nxd6 Kg8 19. Kb1 g6 20. Nxc8 Rxc8 21. Bd3 Kg7 22. Rc1 Qf4 23. h3 Qxf2 24. Rxc8 Rxc8 25. Rf1 Qd4 26. Bc2 Rxc2 27. Kxc2 Qe4+ 28. Qd3 Qg2+ 29. Kb1 Qc6 30. Qc3+ Kg8 31. Qxc6 bxc6 32. Rc1 Kg7 33. Rxc6 h5 34. gxh5 gxh5 35. Rc7 Kg6 36. Rxa7 Kg5 37. b4 Kh4 38. Ra3 f5 39. b5 f4 40. b6 e5 41. b7 e4 42. b8=Q f3 43.
Qf4+ Kxh3 44. Qxe4 Kh2 45. Rxf3 h4 46. Qe2+ Kg1 47. Rf1# 1-0

[Event "Live Chess"]
[Site "Chess.com"]
[Date "2024.06.01"]
[Round "-"]
[White "missedJariChance"]
[Black "JanMur7"]
[Result "0-1"]
[WhiteElo "1341"]
[BlackElo "2313"]
[TimeControl "300"]
[EndTime "12:37:56 PDT"]
[Termination "JanMur7 won by resignation"]

1. b3 d5 2. Bb2 Bg4 3. h3 Bh5 4. Nf3 Nf6 5. e3 e6 6. Be2 Bd6 7. O-O Nbd7 8. c4 c6 9. cxd5 cxd5 10. d4 O-O 11. Nbd2 Rc8 12. Rc1 Qa5 13. a4 Bb4 14. g4 Bg6 15. Nh4 Bxd2 16. Nxg6 hxg6 17. Rxc8 Rxc8 18.
Bb5 Bc3 19. Ba3 Bb4 20. Bb2 a6 21. Be2 Ne4 22. Kg2 Nc3 23. Bxc3 Rxc3 24. Bd3 Qc7 25. Qf3 Rxd3 0-1

[Event "Live Chess"]
[Site "Chess.com"]
[Date "2024.06.01"]
[Round "-"]
[White "Ferrarifan27"]
[Black "WelshTiger"]
[Result "0-1"]
[WhiteElo "2059"]
[BlackElo "2543"]
[TimeControl "300"]
[EndTime "12:38:07 PDT"]
[Termination "WelshTiger won by resignation"]

1. e4 c5 2. Nf3 Nc6 3. b4 Nxb4 4. c3 Nc6 5. d4 cxd4 6. cxd4 e6 7. d5 Bb4+ 8. Bd2 Bxd2+ 9. Nbxd2 Nce7 10. Nc4 d6 11.
dxe6 Bxe6 12. Nxd6+ Kf8 13. e5 Nh6 14. Be2 Nhf5 15.
Nxf5 Nxf5 16. O-O Qxd1 17. Rfxd1 Ke7 18. Nd4 Nxd4 19. Rxd4 Rhd8 20. Rb4 b6 21. Bf3 Rac8 22. Rbb1 Rc5 23. Re1 Rd2 24. Rec1 Rxa2 25. g3 Rxa1 26. Rxa1 a5 27. Rb1 b5 28. Re1 a4 29. Bg2 a3 30. f4 b4 31. Rb1 b3 32. Be4 a2 33.
Rd1 b2 0-1

[Event "Live Chess"]
[Site "Chess.com"]
[Date "2024.06.01"]
[Round "-"]
[White "Pandreq"]
[Black "booktrunk"]
[Result "0-1"]
[WhiteElo "1140"]
[BlackElo "1371"]
[TimeControl "300"]
[EndTime "12:38:11 PDT"]
[Termination "booktrunk won on time"]

1. d4 b6 2. c4 Bb7 3. Nc3 e6 4. e4 Nf6 5. Bd3 Bb4 6. d5 exd5 7. cxd5 O-O 8. Bd2 Re8 9. Qf3 Bxc3 10. Bxc3 Bxd5 11. Ne2 Bxe4 12. Bxe4 Nxe4 13. O-O c6 14. Qg4 Nxc3 15. Nxc3 d5 16. Rae1 Rxe1 17. Rxe1 Nd7 18. Re3 Nf6 19. Qg5 h6 20. Qh4 Nh7 21. Qg3 d4 22.
Rd3 c5 23. Ne4 Qe7 24. Qf3 Rf8 25. h3 Ng5 26. Nxg5 Qxg5 27. Qd1 Re8 28. Rg3 Qe5 29. Qa4 Re7 30. Qc6 g6 31. Qa8+ Kg7 32. Qf3 Rd7 33.
Qd3 Qe1+ 34. Kh2 Qxf2 35. Rf3 Qh4 36. Qf1 Qe7 37. Rd3 c4 38. Rd2 d3 39. Qf4 b5 40.
Rf2 f6 41. Rd2 Qe5 42. Qxe5 fxe5 43. Kg3 Kf6 44. Kf3 Ke6 45. g4 g5 46. Ke4 Rd4+ 47. Ke3 Rd7 48. b3 Rf7 0-1

[Event "Live Chess"]
[Site "Chess.com"]
[Date "2024.06.01"]
[Round "-"]
[White "LanceMaster23"]
[Black "CarmelJane"]
[Result "1-0"]
[WhiteElo "1820"]
[BlackElo "2077"]
[TimeControl "300"]
[EndTime "12:38:20 PDT"]
[Termination "LanceMaster23 won by resignation"]

1. Nf3 g6 2. d4 Bg7 3. Bf4 c5 4.
c3 cxd4 5. cxd4 d5 6. e3 a6 7.
Nbd2 Nc6 8. Be2 Bf5 9. O-O Nf6 10. a3 O-O 11. Rc1 Nh5 12. Bg3 Nxg3 13. hxg3 Re8 14.
b4 e5 15. dxe5 Nxe5 16. Qb3 Be6 17. Nd4 Bf5 18. Nxf5 gxf5 19. Nf3 Ng4 20. Rfd1 Qb6 21. Nd4 Bxd4 22. Rxd4 Nxe3 23. fxe3 a5 24. Rc5 axb4 25.
axb4 Ra1+ 26. Kf2 Re4 27. Qxd5 Rxd4 28. Qxd4 Ra2 29. Rc8+ 1-0

[Event "Live Chess"]
[Site "Chess.com"]
[Date "2024.06.01"]
[Round "-"]
[White "dhairyapandyauk"]
[Black "DoctorMantisTobogganMD"]
[Result "0-1"]
[WhiteElo "1655"]
[BlackElo "2161"]
[TimeControl "300"]
[EndTime "12:38:37 PDT"]
[Termination "DoctorMantisTobogganMD won by resignation"]

1. e4 c6 2. d4 g6 3. c4 Bg7 4. Nc3 d6 5. f4 c5 6. Nf3 Bg4 7. dxc5 dxc5 8. Qxd8+ Kxd8 9. Nd5 e6 10. Ne3 Bxf3 11. gxf3 Nc6 12. Bd2 Nd4 13. Kf2 Kc7 14. Bc3 Rd8 15. Rd1 Ne7 16. Bh3 a6 17. b3 f5 18. e5 Bh6 19. Ng2 Nec6 20. Rhe1 b5 21.
cxb5 axb5 22. Re3 b4 23. Bb2 Ra8 24. Rc1 Rxa2 25. Rxc5 Rxb2+ 26. Kg3 Kb6 27. Rc4 Ne2+ 28. Kh4 Ned4 29. Kg3 Rxb3 30. Rxb3 Nxb3 31. Ne1 Rd8 32. Nc2 Kb5 0-1

[Event "Live Chess"]
[Site "Chess.com"]
[Date "2024.06.01"]
[Round "-"]
[White "KwikPhoenix"]
[Black "matt1979"]
[Result "1-0"]
[WhiteElo "2462"]
[BlackElo "1387"]
[TimeControl "300"]
[EndTime "12:38:38 PDT"]
[Termination "KwikPhoenix won by checkmate"]

1. Nc3 f5 2. e4 fxe4 3. Nxe4 Nf6 4. Nxf6+ exf6 5. Bd3 Bc5 6. Qh5+ Ke7 7. Nf3 d6 8. O-O g6 9. Re1+ Kd7 10. Qg4+ f5 11. Qa4+ c6 12. Qb3 Qb6 13. Qxb6 axb6 14. b3 Na6 15.
Bb2 Re8 16. a3 Nc7 17. b4 Bxf2+ 18. Kxf2 Ne6 19. g3 Kc7 20. h4 Bd7 21. Nd4 Nxd4 22. Bxd4 c5 23. Be3 d5 24. Bf4+ Kc6 25. b5# 1-0

[Event "Live Chess"]
[Site "Chess.com"]
[Date "2024.06.01"]
[Round "-"]
[White "Sweet-O"]
[Black "Ksenia_2013"]
[Result "1-0"]
[WhiteElo "1556"]
[BlackElo "764"]
[TimeControl "300"]
[EndTime "12:39:02 PDT"]
[Termination "Sweet-O won by checkmate"]

1. d4 d5 2. Nc3 Nf6 3. Bf4 g6 4.
e3 Bg7 5. f3 O-O 6. g4 g5 7. h4 gxh4 8. Rxh4 Nc6 9. Qd3 e6 10.
g5 Bd7 11. gxf6 Qxf6 12. Qxh7# 1-0

[Event "Live Chess"]
[Site "Chess.com"]
[Date "2024.06.01"]
[Round "-"]
[White "yarek"]
[Black "gmnorfolk"]
[Result "0-1"]
[WhiteElo "1728"]
[BlackElo "2072"]
[TimeControl "300"]
[EndTime "12:39:09 PDT"]
[Termination "gmnorfolk won on time"]

1. e4 c5 2. d4 cxd4 3. c3 dxc3 4. Nxc3 Nc6 5. Bc4 e6 6. Nf3 Bb4 7. O-O Nge7 8. Nb5 d5 9. exd5 exd5 10. Bxd5 O-O 11.
Bxc6 Nxc6 12. Bf4 Qxd1 13. Rfxd1 Bg4 14. a3 Bxf3 15. gxf3 Ba5 16. b4 Bb6 17. Rd7 Nd8 18.
Rad1 a6 19. Nc7 Bxc7 20. Rxc7 Ne6 21. Rc4 b5 22. Re4 Rfd8 23. Rxd8+ Rxd8 24. Be3 Rd3 25. f4 g6 26. f5 gxf5 27. Re5 f4 28. Bc5 Rxa3 29.
Kg2 Nxc5 30. Rxc5 Rb3 31. Rc6 Rxb4 32. Rxa6 Rb3 33. Rb6 Kg7 34. h4 f6 35. f3 Kg6 36.
Kh3 Rxf3+ 37. Kg4 Rb3 38. Kxf4 Rb4+ 39. Kg3 h5 40. Rb8 Kf5 41. Rh8 Rb3+ 42. Kf2 Kg4 43. Rg8+ Kxh4 44. Rg6 f5 45. Rg1 f4 46. Ke2 Rg3 47. Rb1 Re3+ 48. Kf2 Re5 49. Kf3 Kg5 50. Rg1+ Kf5 51. Rh1 Re3+ 52. Kf2 Kg5 53. Rb1 Re5 54.
Rg1+ Kh6 55. Rb1 h4 56. Kf3 Kg5 57. Rg1+ Kf5 58. Rh1 Re3+ 59. Kf2 h3 60. Rb1 Kg4 61. Rxb5 h2 62. Kg2 Rh3 63. Kh1 Rc3 64. Kxh2 Rc2+ 65.
Kg1 f3 0-1

[Event "Live Chess"]
[Site "Chess.com"]
[Date "2024.06.01"]
[Round "-"]
[White "Silverback7829"]
[Black "StoreySniper"]
[Result "0-1"]
[WhiteElo "1114"]
[BlackElo "2532"]
[TimeControl "300"]
[EndTime "12:39:13 PDT"]
[Termination "StoreySniper won by checkmate"]

1. d4 g6 2. Nf3 Bg7 3. Nc3 c5 4.
dxc5 Bxc3+ 5. Bd2 Bxd2+ 6. Qxd2 Nf6 7. e3 Qc7 8. b4 b6 9. Bc4 bxc5 10. Qc3 cxb4 11. Qxb4 Nc6 12. Qc3 O-O 13. O-O d5 14. Bb5 Bd7 15. Bxc6 Qxc6 16. Qd2 Ne4 17. Qd4 Qc4 18.
Qxc4 dxc4 19. Nd4 e5 20. Ne2 c3 21. Rab1 Rab8 22. Rxb8 Rxb8 23. f3 Bb5 24. Re1 Bxe2 25. Rxe2 Rb1+ 26. Re1 Rxe1# 0-1

[Event "Live Chess"]
[Site "Chess.com"]
[Date "2024.06.01"]
[Round "-"]
[White "gunslinger222"]
[Black "Eva3337"]
[Result "1-0"]
[WhiteElo "2247"]
[BlackElo "1156"]
[TimeControl "300"]
[EndTime "12:39:57 PDT"]
[Termination "gunslinger222 won by resignation"]

1. d4 Nc6 2. c4 e6 3. d5 exd5 4. cxd5 Nce7 5. Nc3 d6 6. e4 c6 7. Be3 f5 8. f3 fxe4 9. fxe4 Ng6 10. Nf3 Bg4 11. Be2 Ne5 12. Nxe5 Bxe2 13. Qxe2 dxe5 14.
Qh5+ g6 15. Qxe5+ Qe7 16. Qxh8 cxd5 17. Nxd5 Qxe4 18. Qxg8 O-O-O 19. O-O Bc5 20. Qxd8+ Kxd8 21. Bxc5 b6 22. Rf8+ Kd7 23. Nf6+ 1-0

[Event "Live Chess"]
[Site "Chess.com"]
[Date "2024.06.01"]
[Round "-"]
[White "chessfiction"]
[Black "Queensandpawns"]
[Result "0-1"]
[WhiteElo "2402"]
[BlackElo "2385"]
[TimeControl "300"]
[EndTime "12:40:04 PDT"]
[Termination "Queensandpawns won by resignation"]

1. e4 e5 2. Nf3 Nf6 3. d4 Nc6 4. dxe5 Nxe4 5. Bc4 Nc5 6. Nc3 Ne6 7. Be3 a6 8. Qd2 b5 9. Bd3 Bc5 10. O-O-O Bxe3 11. Qxe3 O-O 12. Nd5 d6 13. Nf6+ gxf6 14. Qh6 f5 15. Bxf5 Ng5 16. Bxc8 Qxc8 17. Qxg5+ Kh8 18. Qf6+ Kg8 19. Ng5 Nxe5 20. Nxh7 Kxh7 21. Rd4 Ng6 22. Rd3 Qe6 23. Rh3+ Kg8 24. Qc3 Qe5 25. Qg3 Qxg3 26. Rxg3 Kg7 27. h4 Rh8 28. h5 Kf6 29. Rgh3 Nf4 30. Rf3 Ke5 31. Re1+ Kd5 32. g3 Kc6 33.
Rxf4 Rxh5 34. Re3 Rhh8 35. Kd2 Kb6 36. Rc3 c6 37. Rxf7 Rhc8 38. Rf6 d5 39. Rd6 b4 40.
Rb3 a5 41. c3 Kc5 42. cxb4+ Kxd6 0-1

[Event "Live Chess"]
[Site "Chess.com"]
[Date "2024.06.01"]
[Round "-"]
[White "blunderabit"]
[Black "TigerTank70"]
[Result "0-1"]
[WhiteElo "1818"]
[BlackElo "2193"]
[TimeControl "300"]
[EndTime "12:40:18 PDT"]
[Termination "TigerTank70 won on time"]

1. e4 e5 2. Nc3 Nc6 3. Bc4 d6 4. d3 Be7 5. f4 exf4 6. Bxf4 Bh4+ 7. g3 Bf6 8. Nf3 Nge7 9. O-O O-O 10. d4 Ng6 11. Be3 Bg4 12. Nd5 Re8 13. Qd3 Bh3 14. Nxf6+ gxf6 15. Rf2 Qe7 16. Nd2 Nb4 17. Qb3 d5 18. Bxd5 Nxd5 19. Qxd5 c6 20. Qh5 Qxe4 21. Qxh3 Qxe3 22. Qf5 Qxd4 23. c3 Qe5 24. Raf1 Qxf5 25. Rxf5 Re2 26. R1f2 Rxf2 27. Kxf2 Ne5 28. Ne4 Nd3+ 29.
Kg2 Nxb2 30. Nxf6+ Kg7 31. Nd7 h6 32. Ne5 Rf8 33. Nd7 Rd8 34. Ne5 f6 35. Ng4 Rd2+ 36. Kh3 h5 37. Nxf6 Kg6 38. Rf3 Nd3 39. Ne4 Re2 40. Nd6 Ne5 0-1

[Event "Live Chess"]
[Site "Chess.com"]
[Date "2024.06.01"]
[Round "-"]
[White "imchessive"]
[Black "WorcesterYork"]
[Result "1-0"]
[WhiteElo "1588"]
[BlackElo "2498"]
[TimeControl "300"]
[EndTime "12:40:31 PDT"]
[Termination "imchessive won by resignation"]

1. d4 c5 2. Nf3 cxd4 3. Nxd4 Nc6 4.
g3 Nf6 5. Bg2 h5 6. Nf3 d6 7. c4 g6 8. Nc3 Bg7 9. Bg5 Be6 10. Nd5 Bxd5 11. cxd5 Nb8 12. Rc1 Nbd7 13. Bh3 O-O 14. Qa4 Nc5 15. Qc4 Nce4 16. O-O Nxg5 17. Nxg5 Qb6 18. b3 a5 19. a4 Bh6 20. Qf4 Nxd5 21.
Qd2 Nf6 22. Rc3 Ne4 23. Qe3 Nxg5 24. Qxb6 Nxh3+ 25. Kg2 Ng5 26. Rc7 e6 27. Qxb7 Rab8 28. Qa7 Rxb3 29. Qxa5 Bg7 30. Qxg5 Rfb8 31. Qe7 Rf8 32.
Rfc1 Rb2 33. Rc8 Rxe2 34. Rxf8+ Bxf8 35. Qe8 d5 36. Rc8 1-0

[Event "Live Chess"]
[Site "Chess.com"]
[Date "2024.06.01"]
[Round "-"]
[White "PhilMaybury64"]
[Black "GwaryTek"]
[Result "0-1"]
[WhiteElo "1412"]
[BlackElo "2002"]
[TimeControl "300"]
[EndTime "12:40:32 PDT"]
[Termination "GwaryTek won by resignation"]

1. e4 Nf6 2. e5 Nd5 3. c4 Nb6 4.
d4 d6 5. Nc3 dxe5 6. dxe5 Qxd1+ 7. Nxd1 Nc6 8. f4 Bf5 9. Ne3 Be4 10.
Nf3 O-O-O 11. Be2 h6 12. O-O e6 13. Nd2 Bg6 14. b3 Nd4 15. Bf3 Bb4 16. Ne4 Rhf8 17. a3 Be7 18. c5 Nd5 19. Nxd5 exd5 20.
Nc3 Nxb3 21. Ra2 Bxc5+ 22. Kh1 Bd3 23. Rd1 Bc4 24. Na4 Nxc1 25. Rxc1 Be3 26. Rc3 Bxf4 27.
Rac2 Bxe5 28. Re3 Bd6 29. Nc3 Rfe8 30. Rxe8 Rxe8 31. g3 c6 32. Rf2 Bxa3 33. Bg4+ Kb8 34. Rxf7 d4 35. Na4 Bxf7 0-1

[Event "Live Chess"]
[Site "Chess.com"]
[Date "2024.06.01"]
[Round "-"]
[White "NeilDruggan73"]
[Black "MagnersCarlsberg2870"]
[Result "1-0"]
[WhiteElo "1755"]
[BlackElo "1834"]
[TimeControl "300"]
[EndTime "12:40:34 PDT"]
[Termination "NeilDruggan73 won by checkmate"]

1. d4 Nf6 2. Bg5 Ne4 3. h4 Nxg5 4. hxg5 c6 5. g6 fxg6 6. e3 Qb6 7. Bd3 Qxb2 8. Nd2 h6 9. Bxg6+ Kd8 10. Ngf3 Na6 11. Ne5 Nb4 12. O-O Rg8 13. Qf3 e6 14. Rfb1 Qa3 15.
Rb3 Qa6 16. Bd3 b5 17. Nf7+ Kc7 18. Qf4+ d6 19. Rxb4 g5 20. Qf3 Bb7 21. Qf6 Re8 22. a4 Be7 23. Qxe6 Bc8 24. Qb3 Ref8 25. Nxh6 Rh8 26.
Nf7 d5 27. Nxh8 Rxh8 28. Nf3 g4 29. Ne5 Qa5 30. Rxb5 cxb5 31. Qxd5 Qc3 32. Rb1 g3 33. f3 Qd2 34. Qc6+ Kb8 35. Rxb5+ Bb7 36. Qxb7# 1-0

[Event "Live Chess"]
[Site "Chess.com"]
[Date "2024.06.01"]
[Round "-"]
[White "Zhevzh1k7"]
[Black "Nazar-Makarchuk"]
[Result "0-1"]
[WhiteElo "1108"]
[BlackElo "1511"]
[TimeControl "300"]
[EndTime "12:40:34 PDT"]
[Termination "Nazar-Makarchuk won by resignation"]

1. e4 d5 2. exd5 Qxd5 3. Nc3 Qd8 4. Nf3 Nf6 5. Bc4 Nc6 6. d3 e5 7. Bg5 Be7 8. O-O O-O 9. Re1 Bd6 10. Ne4 Be7 11. Nxf6+ Bxf6 12. Bxf6 Qxf6 13. Qe2 Be6 14. Bxe6 Qxe6 15. Nxe5 Nxe5 16. Qxe5 Qxe5 17. Rxe5 Rfe8 18. Rae1 Rxe5 19. Rxe5 Kf8 20. Rd5 Ke7 21. c4 c6 22.
Rd4 Ke6 23. f4 c5 24. Re4+ Kf6 25. g4 g6 26. Kf2 Rd8 27. Ke3 Rd6 28. g5+ Kg7 29.
Re7 Rb6 30. b3 a5 31. d4 cxd4+ 32. Kxd4 Rb4 33. Kc5 Kf8 34. Rd7 Ke8 35. Rc7 b6+ 36. Kc6 a4 37. Rc8+ Ke7 38. Rc7+ Ke6 39. c5 axb3 40.
cxb6 b2 41. Rd7 b1=Q 42. Rd6+ Ke7 43. Rd7+ Ke8 44. Rd5 Rxb6+ 45. Kc5 Qb5+ 0-1

[Event "Live Chess"]
[Site "Chess.com"]
[Date "2024.06.01"]
[Round "-"]
[White "JanMur7"]
[Black "simonJacobsLondon"]
[Result "1-0"]
[WhiteElo "2313"]
[BlackElo "1498"]
[TimeControl "300"]
[EndTime "12:40:44 PDT"]
[Termination "JanMur7 won by resignation"]

1. c4 e5 2. Nc3 Nf6 3. Nf3 d6 4. d4 Nc6 5. dxe5 Nxe5 6. Nxe5 dxe5 7. Qxd8+ Kxd8 8. g3 Bb4 9. Bg2 c6 10. O-O Bxc3 11.
bxc3 Ke7 12. Ba3+ Ke6 13. Bh3+ Ng4 14. Bxg4+ f5 15. Bh3 Rd8 16. Rfd1 1-0

[Event "Live Chess"]
[Site "Chess.com"]
[Date "2024.06.01"]
[Round "-"]
[White "f4nomore"]
[Black "Tushinskiy"]
[Result "0-1"]
[WhiteElo "1201"]
[BlackElo "2241"]
[TimeControl "300"]
[EndTime "12:40:47 PDT"]
[Termination "Tushinskiy won by resignation"]

1. d4 d5 2. Nc3 c6 3. Nf3 Nf6 4. Bg5 e6 5. e3 Nbd7 6. Bf4 Be7 7. Be2 O-O 8. O-O Re8 9. Ne5 Nxe5 10. Bxe5 Nd7 11. Bg3 Bf6 12. Bd3 e5 13. dxe5 Nxe5 14. Bxe5 Bxe5 15. f4 Bc7 16. Qh5 g6 17. Qh6 Qf6 18.
Rab1 Qg7 19. Qh4 Rxe3 20. Ne2 Bd7 21. Ng3 Bd8 22. Nf5 Bxh4 23. Nxg7 Kxg7 24. g3 Bd8 25. Rbe1 Bb6 26. Kg2 Rae8 27. Rxe3 Rxe3 28. a3 h5 29. h3 c5 30. b3 Bc6 31. Kh2 Bc7 32. c4 Rxd3 0-1

[Event "Live Chess"]
[Site "Chess.com"]
[Date "2024.06.01"]
[Round "-"]
[White "Kyrylo7770"]
[Black "Enhard"]
[Result "1-0"]
[WhiteElo "1684"]
[BlackElo "1436"]
[TimeControl "300"]
[EndTime "12:41:00 PDT"]
[Termination "Kyrylo7770 won by resignation"]

1. d4 c6 2. Nf3 d5 3. Bg5 h6 4.
Bh4 Bg4 5. e3 Nd7 6. Be2 Ngf6 7.
c3 e6 8. Nbd2 Be7 9. Bg3 O-O 10. h3 Bf5 11. Ne5 Nxe5 12. Bxe5 Bh7 13. Nf3 Nd7 14. Bd3 Bxd3 15. Qxd3 Nxe5 16. Nxe5 Bf6 17. Ng4 a6 18. e4 dxe4 19. Qxe4 Bg5 20. f4 Bf6 21. O-O Be7 22. f5 Qd5 23. Qd3 exf5 24.
Rxf5 Qd7 25. Raf1 Bg5 26. Qg3 Rad8 27. Ne5 Qd6 28. h4 Bd2 29. Qd3 f6 30. Ng6 Bxc3 31. bxc3 Rfe8 32. Qc4+ Kh7 33. Qd3 Kg8 34. h5 1-0

[Event "Live Chess"]
[Site "Chess.com"]
[Date "2024.06.01"]
[Round "-"]
[White "AlexanderMatlak"]
[Black "nffc11"]
[Result "0-1"]
[WhiteElo "2485"]
[BlackElo "2017"]
[TimeControl "300"]
[EndTime "12:41:11 PDT"]
[Termination "nffc11 won by checkmate"]

1. c4 e5 2. Nc3 Nc6 3. Nf3 Nf6 4.
g3 Bc5 5. Nxe5 Nxe5 6. d4 Bxd4 7.
Qxd4 d6 8. Bg2 O-O 9. O-O h6 10. b3 Re8 11. Bb2 Nc6 12. Qd2 Bf5 13. Rad1 Ne4 14. Nxe4 Bxe4 15. f3 Bf5 16. e4 Bd7 17. f4 Qe7 18. Rfe1 Bg4 19. Rc1 Rad8 20. h3 Bc8 21. Qc3 f6 22. Rcd1 Kh8 23. b4 Qf7 24. b5 Ne7 25. a4 Qh5 26. g4 Qf7 27. c5 dxc5 28. Rxd8 Rxd8 29. Qxc5 Ng6 30. e5 fxe5 31.
Bxe5 Nxf4 32. Rf1 Ne2+ 33. Kh2 Qg6 34. Qxc7 Re8 35. Rf7 Rxe5 36. Rf8+ Kh7 37. Qxc8 Qd3 38. Rh8+ Kg6 39. Rf8 Qg3+ 40. Kh1 Qe1+ 41. Kh2 Qg1# 0-1

[Event "Live Chess"]
[Site "Chess.com"]
[Date "2024.06.01"]
[Round "-"]
[White "KwikPhoenix"]
[Black "Sweet-O"]
[Result "1-0"]
[WhiteElo "2462"]
[BlackElo "1556"]
[TimeControl "300"]
[EndTime "12:41:13 PDT"]
[Termination "KwikPhoenix won by resignation"]

1. b3 e5 2. Bb2 f6 3. d4 Nc6 4. dxe5 fxe5 5. e4 Qf6 6. Nf3 Bc5 7. Bb5 g5 8. Bxc6 g4 9. Bxe5 Qf7 10. Bxh8 gxf3 11. Qxf3 Qxf3 12. gxf3 bxc6 13. Nd2 Ba6 14. O-O-O Ne7 15. Nc4 Rb8 16. Bd4 Ba3+ 17. Nxa3 1-0

[Event "Live Chess"]
[Site "Chess.com"]
[Date "2024.06.01"]
[Round "-"]
[White "FlyingChessKestrel13"]
[Black "ossie57"]
[Result "1-0"]
[WhiteElo "2077"]
[BlackElo "1645"]
[TimeControl "300"]
[EndTime "12:41:18 PDT"]
[Termination "FlyingChessKestrel13 won by resignation"]

1. e4 c5 2. Nf3 d6 3. Bb5+ Nd7 4. c4 a6 5. Ba4 e6 6. Nc3 g6 7. O-O Bg7 8. d4 cxd4 9. Nxd4 Qc7 10. Bb3 Ne7 11.
Be3 O-O 12. f3 b6 13. Qd2 Ne5 14. Qe2 a5 15. Ncb5 Qd8 16. a4 Ba6 17. Rad1 Bxb5 18.
Nxb5 d5 19. exd5 exd5 20. cxd5 Rc8 21. Bd4 Nd7 22. Bxg7 Kxg7 23. d6 Ng8 24. Qd3 Nc5 25. Qd4+ f6 26. Bxg8 Rxg8 27. Rfe1 Re8 28. Kf2 Ne6 29.
Qd2 f5 30. d7 Qh4+ 31. Kg1 1-0

[Event "Live Chess"]
[Site "Chess.com"]
[Date "2024.06.01"]
[Round "-"]
[White "LL220284LL"]
[Black "Dhaydon19"]
[Result "1-0"]
[WhiteElo "2550"]
[BlackElo "2682"]
[TimeControl "300"]
[EndTime "12:41:21 PDT"]
[Termination "LL220284LL won by resignation"]

1. d4 e6 2. Bf4 d5 3. Nd2 Bd6 4. Bg3 Nf6 5. e3 O-O 6. Ngf3 Nbd7 7. Bd3 Qe7 8. O-O e5 9. dxe5 Nxe5 10. Nxe5 Bxe5 11.
c3 c6 12. Qc2 Bxg3 13. hxg3 g6 14. Rae1 Be6 15. e4 dxe4 16. Nxe4 Nxe4 17. Rxe4 Rad8 18.
Rfe1 Qd7 19. R4e3 Qd6 20. Bf1 Bxa2 21. Qa4 Be6 22. Qxa7 b5 23. Qa1 Ra8 24. Qc1 Bd5 25. Re7 Rad8 26. Qg5 Rd7 27. Re8 Be6 28. Rxf8+ Kxf8 29. Qf6 Kg8 30. g4 Qe7 31. Qf4 Qh4 32. Be2 Kg7 33. Bf3 c5 34. Qe5+ Kh6 35. Qxc5 Rd2 36.
g3 Qg5 37. Qxg5+ Kxg5 38. Re5+ Kf6 39. Rxb5 Rc2 40. g5+ Ke7 41. Be4 Rc1+ 42. Kg2 Bc4 43. Rb7+ Ke6 44. Kf3 Re1 45. Rb6+ Ke5 46. Bb7 Be2+ 47.
Ke3 Bc4+ 48. Kf3 Be2+ 49. Kg2 Bf1+ 50. Kh2 Bc4 51. f4+ Kf5 52. Bf3 Re6 53. Rxe6 fxe6 54. Kg2 e5 55. fxe5 Kxe5 56. Kf2 Kf5 57. Ke3 Kxg5 58.
Kd4 Bf1 59. c4 Bg2 60. Bxg2 1-0

[Event "Live Chess"]
[Site "Chess.com"]
[Date "2024.06.01"]
[Round "-"]
[White "resipsa6"]
[Black "degringolade64"]
[Result "0-1"]
[WhiteElo "2028"]
[BlackElo "2138"]
[TimeControl "300"]
[EndTime "12:41:28 PDT"]
[Termination "degringolade64 won by resignation"]

1. Nf3 d5 2. g3 Bg4 3. Bg2 Nd7 4.
d3 c6 5. Nbd2 e5 6. e4 Ngf6 7.
O-O Bd6 8. Re1 O-O 9. c3 Re8 10. Qb3 Qb6 11. Qxb6 axb6 12. exd5 Nxd5 13. Nf1 Nc5 14. d4 exd4 15. Rxe8+ Rxe8 16. Nxd4 Re1 17. b4 Nd3 18. Bb2 Rxf1+ 19. Rxf1 Nxb2 20. Rb1 Nc4 21. b5 Nxc3 22. Rb3 Nxb5 23. Nxc6 bxc6 24. Bxc6 Nd4 25.
Rc3 Ne2+ 0-1